 Dungeon Crawl Stone Soup version 0.18.1-48-g4cf74bf (webtiles) character file.

233 JustSomeDude the Sneak (level 5, -3/40 HPs)
             Began as a Demonspawn Assassin on July 26, 2016.
             Was an Initiate of Dithmenos.
             Slain by a wight
             ... wielding a +0 trident
              (8 damage)
             ... on level 4 of the Dungeon.
             The game lasted 00:10:14 (2945 turns).

JustSomeDude the Sneak (Demonspawn Assassin)        Turns: 2945, Time: 00:10:15

Health: -3/40      AC:  3    Str: 11    XL:     5   Next: 75%
Magic:  4/5        EV: 12    Int: 13    God:    Dithmenos [......]
Gold:   133        SH:  0    Dex: 15    Spells: 1 memorised, 2 levels left

rFire  + . .     SeeInvis .     j - +2 dagger (venom)
rCold  . . .     Gourm    .     c - +0 robe
rNeg   . . .     Faith    .     (no shield)
rPois  .         Spirit   .     (no helmet)
rElec  .         Dismiss  .     d - +0 cloak
rCorr  .         Reflect  .     (no gloves)
SustAt .         Harm     .     (no boots)
MR     .....                    (no amulet)
Stlth  +++.......               (no ring)
                                (no ring)

@: very slightly contaminated, hasted, heavily drained, very quick, not
resistant to hostile enchantments, fairly stealthy
A: fire resistance 1, spiny 1
a: Renounce Religion


You were on level 4 of the Dungeon.
You worshipped Dithmenos.
Dithmenos was noncommittal.
You were not hungry.

You visited 1 branch of the dungeon, and saw 5 of its levels.

You collected 133 gold pieces.

Inventory:

Hand Weapons
 b - a +0 blowgun
 j - a +2 dagger of venom (weapon)
Missiles
 e - 19 poisoned needles
 f - 2 curare-tipped needles
Armour
 c - a +0 robe (worn)
 d - a +0 cloak (worn)
 k - a cursed +0 chain mail
Jewellery
 v - an uncursed ring of fire {unknown}
Scrolls
 a - 2 scrolls of recharging {unknown}
 l - a scroll of identify
 m - a scroll of fog
 o - 2 scrolls of fear
 p - 3 scrolls of remove curse
 q - 2 scrolls of teleportation {unknown}
 u - 2 scrolls of immolation {unknown}
Potions
 h - a potion of brilliance {unknown}
 i - 2 potions of curing
 s - a potion of heal wounds {unknown}
Books
 t - a book of Debilitation

   Spells                             Type                      Level
   a - Corona                         Hexes                        1
   b - Slow                           Hexes                        2
   c - Gell's Gravitas                Hexes/Translocation          3
   d - Inner Flame                    Hexes/Fire                   3
   e - Cause Fear                     Hexes                        4
   f - Leda's Liquefaction            Hexes/Earth                  4
Comestibles
 g - 3 bread rations
 n - a meat ration
 w - a beef jerky


   Skills:
 + Level 2.8(1.6) Fighting
 + Level 2.5(1.3) Short Blades
 + Level 1.9(0.7) Throwing
 + Level 2.1(0.9) Dodging
 + Level 5.5(4.2) Stealth
 + Level 0.1(0.0) Spellcasting


You had 2 spell levels left.
You knew the following spells:

 Your Spells              Type           Power        Failure   Level  Hunger
a - Slow                  Hex            #.......     47%         2    ###....


Dungeon Overview and Level Annotations

Branches:
Dungeon (5/15)
 Temple: D:4-7

Altars:
Dithmenos
Elyvilon
Fedhas
Pakellas
Sif Muna

Annotations:
D:4 Fluut's ghost, amateur HESk


Innate Abilities, Weirdness & Mutations

Your flesh is heat resistant.
You are partially covered in sharp spines.


Message History

The wight is moderately damaged.
The wight barely misses you.
The wight hits you with an enchanted scimitar!
* * * LOW HITPOINT WARNING * * *
Drink which item? (? for menu, Esc to quit)
You feel yourself speed up.
The wight hits you from afar with a trident.
* * * LOW HITPOINT WARNING * * *
You feel drained. The wight barely misses you.
You are very lightly contaminated with residual magic.
Drink which item? (? for menu, Esc to quit)
You feel better.
The wight hits you from afar with a trident.
* * * LOW HITPOINT WARNING * * *
You feel drained. The wight is struck by your spines.
The wight hits you with an enchanted scimitar.
* * * LOW HITPOINT WARNING * * *
The wight is struck by your spines. The wight hits you with a trident!
You die...

.........<.......#.
...... ...$.....'. ###
#...# #####....##
##..##...###...###+#####
#.........#...........<.
#.........#..[..........
#...##.##.#.............
#.###..z####...###...###
#.##...@z###...###...###
#.#.......#.............
#....._.................
###.......#..........^..
##.....##.############
##...##..# ##.##..##
#....## ######


You could see 2 wights.

Vanquished Creatures
  A wight (D:4)
  A hound (D:4)
  10 adders
  An adder zombie (D:4)
  A dart slug (D:4)
  4 giant geckos
  4 orcs (D:3)
  3 bats
  2 giant cockroaches (D:3)
  6 goblins
  7 hobgoblins
  6 jackals
  3 quokkas
  A ball python (D:1)
  3 giant newts
  5 kobolds
  6 rats
64 creatures vanquished.

Vanquished Creatures (others)
  A jelly (D:2)
1 creature vanquished.

Grand Total: 65 creatures vanquished

Notes
Turn   | Place    | Note
--------------------------------------------------------------
     0 | D:1      | JustSomeDude the Demonspawn Assassin began the quest for the Orb.
     0 | D:1      | Reached XP level 1. HP: 16/16 MP: 1/1
    50 | D:1      | Found a blossoming altar of Fedhas.
   293 | D:1      | Reached skill level 1 in Dodging
   355 | D:1      | Gained mutation: Your flesh is heat resistant. [demonic ancestry]
   355 | D:1      | Reached XP level 2. HP: 22/22 MP: 2/2
   553 | D:2      | Reached skill level 4 in Stealth
   561 | D:2      | Found an oddly glowing altar of Pakellas.
   561 | D:2      | Noticed an orange crystal statue
   590 | D:2      | Found a white marble altar of Elyvilon.
   652 | D:2      | Reached XP level 3. HP: 14/27 MP: 3/3
  1100 | D:2      | Gained mutation: You are partially covered in sharp spines. [demonic ancestry]
  1100 | D:2      | Reached XP level 4. HP: 33/34 MP: 4/4
  1283 | D:2      | Found a shadowy altar of Dithmenos.
  1298 | D:2      | Became a worshipper of Dithmenos the Shadowed
  1686 | D:3      | Reached skill level 5 in Stealth
  2172 | D:4      | Reached XP level 5. HP: 39/39 MP: 5/5
  2210 | D:4      | Noticed Fluut's ghost (amateur HESk)
  2221 | D:5      | Entered Level 5 of the Dungeon
  2221 | D:5      | Noticed an ice beast
  2626 | D:4      | Learned a level 2 spell: Slow
  2878 | D:4      | Found a deep blue altar of Sif Muna.
  2945 | D:4      | Slain by a wight

Skill      XL: |  1  2  3  4  5 |
---------------+----------------+-----
Short Blades   | 2 |  2.5
Dodging        | 1 2 |  2.1
Stealth        | 4 5 |  5.5
Fighting       | |  2.8
Throwing       | |  1.9
Spellcasting   | |  0.1

Action                   |  1- 3 |  4- 6 || total
-------------------------+-------+-------++-------
Melee: Dagger            |    68 |    88 ||   156
 Cast: Slow              |       |     2 ||     2
  Use: Scroll            |     3 |     1 ||     4
       Potion            |       |     4 ||     4
 Stab: Sleeping          |     7 |    11 ||    18
       Distracted        |       |     2 ||     2
  Eat: Chunk             |       |     5 ||     5
       Pizza             |       |     1 ||     1
Armor: Robe              |    13 |     7 ||    20
Dodge: Dodged            |    36 |    38 ||    74
